 Dungeon Crawl Stone Soup version 0.31.0-9-g3a7656b989 (webtiles) character file.

Game seed: 2412367985469797278

151 Aneyh the Trooper (level 5, -2/34 HPs)
             Began as a Tengu Monk on Jan 25, 2024.
             Killed from afar by an orc wizard (3 damage)
             ... with a magic dart
             ... on level 3 of the Dungeon.
             The game lasted 00:04:10 (2283 turns).

Aneyh the Trooper (Tengu Monk)                      Turns: 2283, Time: 00:04:10

Health: -2/34      AC:  4    Str: 11    XL:     5   Next: 33%
Magic:  6/6        EV: 13    Int: 13    God:
Gold:   82         SH:  0    Dex: 16    Spells: 4/4 levels left

rFire   . . .        a - +3 spear (heavy)
rCold   . . .        (no shield)
rNeg    . . .        r - +2 animal skin
rPois   .            p - +0 hat
rElec   .            (no cloak)
rCorr   .            (no gloves)
SInv    .            (boots unavailable)
Will    .....        (no amulet)
Stlth   +            (no ring)
HPRegen 0.25/turn    (no ring)
MPRegen 0.10/turn

%: acrobat
@: no status effects
A: beak, talons 3, acrobatic
a: no special abilities


You were on level 3 of the Dungeon.
You visited 1 branch of the dungeon, and saw 3 of its levels.

You collected 82 gold pieces.

Inventory:

Hand Weapons
 a - a +3 heavy spear (weapon)
 b - a +0 short sword of freezing
 q - a +0 falchion
 w - a +0 long sword
Missiles
 j - 3 javelins (quivered)
Armour
 p - a +0 hat (worn)
 r - a +2 animal skin (worn)
Jewellery
 l - a ring of resist corrosion
Scrolls
 d - 2 scrolls of fog {unknown}
 e - 2 scrolls of fear {unknown}
 f - a scroll of torment {unknown}
 h - 3 scrolls of enchant armour {unknown}
 i - a scroll of noise {unknown}
 k - a scroll of teleportation {unknown}
 o - 3 scrolls of identify {unknown}
 s - a scroll of enchant weapon {unknown}
 t - a scroll of poison {unknown}
 v - a scroll of brand weapon {unknown}
Potions
 c - a potion of ambrosia
 g - 2 potions of enlightenment {unknown}
 m - a potion of haste {unknown}
 n - a potion of berserk rage {unknown}
 u - a potion of attraction {unknown}
 x - a potion of brilliance {unknown}
 z - a potion of might {unknown}


   Skills:
 + Level 4.5 Fighting
 - Level 4.0 Long Blades
 * Level 2.1 Polearms
 - Level 4.0 Dodging


You had 4 spell levels left.
You didn't know any spells.
Your spell library was empty.

Dungeon Overview and Level Annotations

Branches:
Dungeon (3/15)

Altars:

Shops:
D:2 (


Innate Abilities, Weirdness & Mutations

You have a beak for a mouth.
You have claws for feet.
You can magically evade attacks while moving or waiting.


Message History

You see here a +0 ring mail.
An orc priest and an orc come into view.
The orc is wielding a +6 flail of venom.
The orc priest shouts!
The orc wizard shouts!
The orc shouts!
The orc priest mumbles some strange prayers to Beogh against you.
Beogh smites you! The orc wizard casts a spell at you. The magic dart hits you.
You see here a +0 ring mail.
An iguana comes into view.
The orc priest calls down the wrath of Beogh upon you.
Beogh smites you!
* * * LOW HITPOINT WARNING * * *
The iguana hisses angrily.
The orc wizard mumbles some strange words.
The orc wizard flickers and vanishes!
Deactivating autopickup; reactivate with Ctrl-A.
The iguana misses you.
You are confused.
You're too confused to move!
The iguana bites you.
* * * LOW HITPOINT WARNING * * *
The orc closely misses you.
You bump into the rock wall.
The iguana barely misses you.
The orc hits you from afar with a +0 trident.
* * * LOW HITPOINT WARNING * * *
You bump into the rock wall.
The iguana bites you but does no damage.
The orc closely misses you.
The orc priest casts a cantrip, but nothing happens.
The iguana closely misses you. The orc completely misses you.
You're too confused to move!
You feel less confused. The iguana closely misses you.
The orc hits you with a +6 flail of venom!
* * * LOW HITPOINT WARNING * * *
The orc completely misses you.
You hear some strange, mumbled words.
A magic dart appears from out of thin air!
The magic dart hits you.
You die...

... .. .... ######..
.... #....... (.$..
#.....# #.....
#.....#####......
#................
####{.......[.......
#..@oo.......o......
#<.lo.......#+###.##
#...........# #
#...........#
#.....).....#
#...........#
#.......>...# #
#.....##.##.# ##
#.....#§.≈#.# #####.


You could see an iguana, an orc priest and 2 orcs.

Vanquished Creatures
  A scorpion (D:3)
  Jessica (D:2)
  Robin (D:2)
  2 dart slugs (D:1)
  An orc (D:3)
  A ball python (D:2)
  4 endoplasms
  3 giant cockroaches
  7 hobgoblins
  A kobold (D:1)
  6 bats
  10 goblins
  7 rats (D:1)
45 creatures vanquished.

Notes
Turn   | Place    | Note
-------+----------+-------------------------------------------
     0 | D:1      | Aneyh the Tengu Monk began the quest for the Orb.
     0 | D:1      | Reached XP level 1. HP: 14/14 MP: 2/2
   116 | D:1      | Reached XP level 2. HP: 19/19 MP: 3/3
   552 | D:1      | Reached XP level 3. HP: 23/23 MP: 4/4
   928 | D:2      | Noticed Robin
   974 | D:2      | Killed Robin
  1311 | D:2      | Found Xituoho's Weapon Emporium.
  1808 | D:2      | Noticed Jessica
  1817 | D:2      | Killed Jessica
  1818 | D:2      | Reached skill level 1 in Polearms
  1818 | D:2      | Reached XP level 4. HP: 18/29 MP: 5/5
  1946 | D:2      | Found a faded altar of an unknown god.
  2055 | D:3      | Noticed a scorpion
  2063 | D:3      | Killed a scorpion
  2064 | D:3      | Reached XP level 5. HP: 10/34 MP: 6/6
  2283 | D:3      | HP: 1/34 [orc/+6 flail of venom (8)]
  2283 | D:3      | Killed from afar by an orc wizard

Illustrated notes

Levels and vault maps discovered:
D:1:      spicycebolla_arrival_xxxplode, layout_loops_ring
D:2:      layout_loops_ring, serial_shops, shop,
          dilly_ecumenical_altar_fadedgnrine, uniq_jessica, uniq_robin
D:3:      layout_basic, amcnicky_mini_corridor_feature, uniq_terence

Skill      XL: |  1  2  3  4 |
---------------+-------------+-----
Long Blades    | 4 |  4.0
Dodging        | 4 |  4.0
Polearms       | 1 2 |  2.1
Fighting       | 4 |  4.5

Action                     |  1- 3 |  4- 6 || total
---------------------------+-------+-------++-------
  Melee: Falchion          |    12 |       ||    12
         Kick              |    22 |     4 ||    26
         Peck              |    12 |       ||    12
         Short sword       |    64 |       ||    64
         Spear             |    11 |    12 ||    23
         Punch             |       |     1 ||     1
  Throw: Javelin           |       |     1 ||     1
   Stab: Sleeping          |     2 |     2 ||     4
 Armour: Robe              |    27 |       ||    27
         Animal skin       |     3 |    10 ||    13
  Dodge: Dodged            |    51 |    13 ||    64
